 Dungeon Crawl Stone Soup version 0.31.0-12-g77e489cdc1 (webtiles) character file.

Game seed: 12936997331330727270

48 DildoBatman the Conjurer (level 4, -2/32 HPs)
             Began as a Formicid Conjurer on Feb 13, 2024.
             Slain by a goblin
             ... wielding a +0 club
              (4 damage)
             ... on level 3 of the Dungeon.
             The game lasted 00:04:25 (1917 turns).

DildoBatman the Conjurer (Formicid Conjurer)        Turns: 1917, Time: 00:04:26

Health: -2/32      AC:  2    Str: 12    XL:     4   Next: 0%
Magic:  7/7        EV: 12    Int: 19    God:
Gold:   146        SH:  0    Dex: 12    Spells: 2/8 levels left

rFire   . . .        d - +0 short sword
rCold   . . .        (no shield)
rNeg    . . .        a - +0 robe
rPois   .            (helmet unavailable)
rElec   .            (no cloak)
rCorr   .            (no gloves)
SInv    +            (no boots)
Will    .....        (no amulet)
Stlth   ++           (no ring)
HPRegen 0.25/turn    (no ring)
MPRegen 0.10/turn

%: no passive effects
@: lethally poisoned (-2 -> -4)
A: permanent stasis, dig shafts and tunnels, antennae 3, four strong arms
a: Dig, Shaft Self


You were on level 3 of the Dungeon.
You visited 1 branch of the dungeon, and saw 3 of its levels.

You collected 146 gold pieces.

Inventory:

Hand Weapons
 d - a +0 short sword (weapon)
Missiles
 c - 30 stones
Armour
 a - a +0 robe (worn)
Scrolls
 f - 2 scrolls of teleportation {unknown}
 g - a scroll of blinking {unknown}
 h - a scroll of torment {unknown}
 i - a scroll of identify {unknown}
 j - a scroll of fear {unknown}
 l - a scroll of immolation {unknown}
Potions
 b - a potion of magic
 e - a potion of attraction {unknown}
 k - 2 potions of degeneration {unknown}
 m - a potion of brilliance {unknown}


   Skills:
 + Level 1.2 Fighting
 + Level 1.2 Armour
 + Level 2.2 Dodging
 + Level 2.9 Stealth
 + Level 2.5 Spellcasting
 + Level 3.8 Conjurations


You had 2 spell levels left.
You knew the following spells:

 Your Spells              Type           Power      Damage    Failure   Level
a - Searing Ray           Conj           34%        2d5       4%          2
b - Vampiric Draining     Necr           2%         2d6       43%         3
c - Magic Dart            Conj           68%        1d6       3%          1

Your spell library contained the following spells:

 Spells                   Type           Power      Damage    Failure   Level
 Momentum Strike          Conj/Tloc      18%        3d8       11%         2
 Slow                     Hex            8%         N/A       16%         1
 Lesser Beckoning         Tloc           4%         N/A       24%         2
 Confusing Touch          Hex            2%         N/A       43%         3
 Sigil of Binding         Hex            2%         N/A       43%         3
 Fulminant Prism          Conj/Alch      4%         3d5       58%         4
 Iskenderun's Mystic Bla  Conj/Tloc      9%         2d4       58%         4
 Blink                    Tloc           Unusable   N/A       N/A         2

Dungeon Overview and Level Annotations

Branches:
Dungeon (3/15)

Altars:
Fedhas
Vehumet

Shops:
D:2 **


Innate Abilities, Weirdness & Mutations

You cannot be hasted, slowed, berserked, paralysed or teleported.
You can dig through walls and to a lower floor.
You have a pair of large antennae on your head. (SInv)
Your four strong arms can wield two-handed weapons with a shield.


Message History

A giant cockroach comes into view.
The adder barely misses you. The goblin misses you.
The dart slug closely misses you. What are your orders? t - Shout!
Orders for allies: a - Attack new target. r - Retreat! s - Stop attacking. g - Guard the area. f - Follow me.
Anything else - Cancel.
You shout for attention!
You feel sick. The adder barely misses you. The goblin misses you.
What are your orders? t - Shout!
Orders for allies: a - Attack new target. r - Retreat! s - Stop attacking. g - Guard the area. f - Follow me.
Anything else - Cancel.
You shout for attention!
You feel sick. The adder closely misses you. The dart slug barely misses you.
The giant cockroach bites you. The goblin misses you. The adder bites you.
What are your orders? t - Shout!
Orders for allies: a - Attack new target. r - Retreat! s - Stop attacking. g - Guard the area. f - Follow me.
Anything else - Cancel.
You shout for attention!
You feel sick. The giant cockroach closely misses you.
The adder closely misses you.
The dart slug bites you but does no damage.
The goblin hits you with a +0 club.
You die...

.. .. .# .# ... .##
#.. .., .##.####.#
# .......B.###.##.
#...S@...:>.#.
####gw.?.....
######..####..#
.............>#
#########.####..#
.....###...###..###
.................#
#.......?###.#<#
#........# #.#.#


You could see an adder, a dart slug, a giant cockroach and a goblin.

Vanquished Creatures
  A dart slug (D:2)
  An orc (D:2)
  A ball python (D:3)
  7 endoplasms
  4 giant cockroaches
  5 goblins
  3 hobgoblins
  2 jackals (D:1)
  5 kobolds
  A quokka (D:1)
  2 bats
  2 frilled lizards (D:1)
  5 rats
39 creatures vanquished.

Notes
Turn   | Place    | Note
-------+----------+-------------------------------------------
     0 | D:1      | DildoBatman the Formicid Conjurer began the quest for the
                  | Orb.
     0 | D:1      | Reached XP level 1. HP: 13/13 MP: 3/3
    28 | D:1      | Found a faded altar of an unknown god.
   205 | D:1      | Reached XP level 2. HP: 13/19 MP: 0/5
   208 | D:1      | Learned a level 2 spell: Searing Ray
   843 | D:2      | Reached XP level 3. HP: 22/25 MP: 2/6
   981 | D:2      | Reached skill level 1 in Fighting
   981 | D:2      | Reached skill level 1 in Armour
  1016 | D:2      | Found Daungen's General Store.
  1144 | D:2      | Found a radiant altar of Vehumet.
  1442 | D:2      | Learned a level 3 spell: Vampiric Draining
  1465 | D:2      | Found Ozoul's General Store.
  1868 | D:3      | Reached XP level 4. HP: 32/32 MP: 4/7
  1879 | D:3      | Found a blossoming altar of Fedhas.
  1917 | D:3      | Slain by a goblin

Illustrated notes

Levels and vault maps discovered:
D:1:      elethiomel_arrival_quiet, layout_loops_ring,
          hellmonk_ecumenical_altar_arch_garden
D:2:      layout_loops_corners, serial_shops, nicolae_shop_tiny_waterfront,
          nicolae_shop_waterfront, basic_altar
D:3:      layout_loops_ring, fedhas_ov_isle_minmay, uniq_sigmund

Skill      XL: |  1  2  3 |
---------------+----------+-----
Dodging        | 2 |  2.2
Fighting       | 1 |  1.2
Armour         | 1 |  1.2
Stealth        | |  2.9
Spellcasting   | |  2.5
Conjurations   | |  3.8

Action                     |  1- 3 |  4- 6 || total
---------------------------+-------+-------++-------
  Melee: Short sword       |    30 |       ||    30
   Cast: Magic Dart        |    54 |       ||    54
         Searing Ray       |     6 |       ||     6
 Armour: Robe              |    18 |    20 ||    38
  Dodge: Dodged            |    22 |    17 ||    39
